 Dungeon Crawl Stone Soup version 0.26-a0-466-g989023bd0d (webtiles) character file.

Game seed: 10791578654028680663

115 pk666 the Magician (level 4, 0/24 HPs)
             Began as a Deep Elf Hedge Wizard on Aug 13, 2020.
             Succumbed to a worker ant's poison
             ... on level 3 of the Dungeon.
             The game lasted 00:02:56 (3290 turns).

pk666 the Magician (Deep Elf Hedge Wizard)          Turns: 3290, Time: 00:02:57

Health: 0/24       AC:  2    Str:  6 (7)  XL:     4   Next: 68%
Magic:  2/13       EV: 12    Int: 17 (20) God:
Gold:   154        SH:  0    Dex: 12 (14) Spells: 2/13 levels left

rFire    . . .     SeeInvis .   a - +0 dagger
rCold    . . .     Faith    .   (no shield)
rNeg     . . .     Spirit   +   b - +0 robe
rPois    .         Reflect  .   c - +0 hat
rElec    .         Harm     .   (no cloak)
rCorr    .                      (no gloves)
MR       .....                  (no boots)
Stlth    ++........             h - amulet of guardian spirit
HPRegen  0.08/turn              (no ring)
MPRegen  0.13/turn              (no ring)

@: lethally poisoned (0 -> -9), flying
A: no striking features
a: no special abilities


You were on level 3 of the Dungeon.
You visited 1 branch of the dungeon, and saw 3 of its levels.

You collected 154 gold pieces.

Inventory:

Hand Weapons
 a - a +0 dagger (weapon)
Armour
 b - a +0 robe (worn)
 c - a +0 hat (worn)
Jewellery
 h - an amulet of guardian spirit (around neck)
 i - an uncursed ring of ice
Scrolls
 d - 3 scrolls of fog {unknown}
 f - 2 scrolls of enchant armour {unknown}
 j - a scroll of identify {unknown}
 m - 3 scrolls of fear {unknown}
 n - a scroll of amnesia {unknown}
Potions
 e - a potion of degeneration
 g - a potion of magic {unknown}
 k - a potion of flight
 l - 2 potions of lignification {unknown}


   Skills:
 - Level 2.4 Dodging
 - Level 2.4 Stealth
 + Level 5.4 Spellcasting
 + Level 2.5 Conjurations
 + Level 1.6 Summonings
 - Level 2.0 Translocations
 + Level 1.2 Fire Magic
 + Level 1.1 Air Magic
 + Level 1.1 Poison Magic


You had 2 spell levels left.
You knew the following spells:

 Your Spells              Type           Power        Failure   Level
a - Magic Dart            Conj           ##..         4%          1
b - Blink                 Tloc           N/A          9%          2
c - Conjure Flame         Conj/Fire      ##......     19%         3
d - Mephitic Cloud        Conj/Pois/Air  ##......     22%         3
e - Call Imp              Summ           ##......     11%         2

Your spell library contained the following spells:

 Spells                   Type           Power        Failure   Level
 Slow                     Hex            #.......     21%         2


Dungeon Overview and Level Annotations

Branches:
Dungeon (3/15)

Altars:
Xom


Message History

You don't have enough magic to cast that spell.
The worker ant bites you.
* * * LOW HITPOINT WARNING * * *
The worker ant closely misses you.
Your magical contamination has completely faded away.
The worker ant bites you.
* * * LOW HITPOINT WARNING * * *
You are lethally poisoned!
The worker ant poisons you!
* * * LOW HITPOINT WARNING * * *
You feel sick.
It was a potion of degeneration.
There was something very wrong with that liquid.
You feel weakened.
You feel dopey.
You feel clumsy.
* * * LOW HITPOINT WARNING * * *
You feel sick. The worker ant closely misses you.
It was a potion of flight.
You feel very buoyant.
You fly up into the air.
You die...

#.........#.# ###########(# #.#
###.##### ##### #.......# ##...##
######.#.###.#
##.....###.........##.########
#.......##.###...........<...#
#.............a@...##.######.#
#.......##.####.#.###.# #.#
##.....###.# #.#.###.# #.#
##...## #.####.......# #.# ##.##
#........##### ###.### #.#
#######...## #...... #####.####
##.....## #.#.### #........##
##.......## #...# #
#.###.....####...>.....####...###


You could see a worker ant.

Vanquished Creatures
  A howler monkey skeleton (D:3)
  6 adders
  2 oozes (D:2)
  A leopard gecko (D:3)
  2 orcs (D:3)
  5 giant cockroaches
  5 goblins
  2 hobgoblins
  2 jackals (D:3)
  A kobold (D:2)
  A quokka (D:3)
  6 bats
  2 frilled lizards
  8 rats
44 creatures vanquished.

Notes
Turn   | Place    | Note
-------+----------+-------------------------------------------
     0 | D:1      | pk666 the Deep Elf Hedge Wizard began the quest for the
                  | Orb.
     0 | D:1      | Reached XP level 1. HP: 10/10 MP: 7/7
   489 | D:1      | Reached XP level 2. HP: 15/15 MP: 6/9
   493 | D:1      | Learned a level 2 spell: Blink
  1299 | D:2      | Found a shimmering altar of Xom.
  1300 | D:2      | Found a shimmering altar of Xom.
  1301 | D:2      | Found a shimmering altar of Xom.
  1357 | D:2      | Reached skill level 5 in Spellcasting
  1428 | D:2      | Reached XP level 3. HP: 19/19 MP: 8/11
  1433 | D:2      | Learned a level 3 spell: Conjure Flame
  1437 | D:2      | Learned a level 3 spell: Mephitic Cloud
  1440 | D:2      | Learned a level 2 spell: Call Imp
  1946 | D:2      | Reached XP level 4. HP: 24/24 MP: 7/13
  2648 | D:3      | Reached skill level 1 in Fire Magic
  2951 | D:3      | Reached skill level 1 in Air Magic
  2951 | D:3      | Reached skill level 1 in Poison Magic
  3289 | D:3      | HP: 1/24 [poisoned by a worker ant]
  3290 | D:3      | Succumbed to a worker ant's poison

Illustrated notes

Levels and vault maps discovered:
D:1:      wheals_arrival_shading, layout_loops_corners,
          corexii_item_surrounded_by_moat, minmay_misc_feat_x
D:2:      layout_loops_corners, xom_redecorated, serial_bayou_pond_d
D:3:      layout_loops_corners, gup_sewer_entry_bowl

Skill      XL: |  1  2  3  4 |
---------------+-------------+-----
Conjurations   | 2 |  2.5
Spellcasting   | 5 |  5.4
Translocations | 2 |  2.0
Fire Magic     | 1 |  1.2
Air Magic      | 1 |  1.1
Poison Magic   | 1 |  1.1
Dodging        | |  2.4
Stealth        | |  2.4
Summonings     | |  1.6

Action                   |  1- 3 |  4- 6 || total
-------------------------+-------+-------++-------
 Cast: Magic Dart        |    78 |    46 ||   124
       Blink             |       |     2 ||     2
  Use: Potion            |       |     2 ||     2
Armor: Robe              |     7 |       ||     7
Dodge: Dodged            |    16 |     5 ||    21

Table legend: (Time is in decaauts)
 A = Elapsed time spent in this place.
 B = Non-inter-level travel time spent in this place.
 C = Inter-level travel time spent in this place.
 D = Time resting spent in this place.
 E = Time spent auto-exploring this place.
 F = Levels seen in this place.
 G = Mean time per level.
                   A        B        C        D        E       F      G
               +--------+--------+--------+--------+--------+-----+--------+
         Total |   3291 |   3228 |     63 |    421 |   2544 |   3 | 1097.0 |
       Dungeon |   3291 |   3228 |     63 |    421 |   2544 |   3 | 1097.0 |
               +--------+--------+--------+--------+--------+-----+--------+

Top non-repeatable levels by time:
     D:2: 1406 daAuts
     D:1: 1237 daAuts
     D:3: 647 daAuts
